 Dungeon Crawl Stone Soup version 0.31-a0-564-g3b7de120b3 (webtiles) character file.

Game seed: 16675691162228979728

1740 Gelion the Changeling (level 9, -2/61 HPs)
             Began as an Octopode Shapeshifter on Aug 17, 2023.
             Slain by a centaur (3 damage)
             ... on level 6 of the Dungeon.
             The game lasted 00:10:10 (4724 turns).

Gelion the Changeling (Octopode Shapeshifter)       Turns: 4724, Time: 00:10:10

Health: -2/61      AC:  5    Str: 20    XL:     9   Next: 5%
Magic:  0/18       EV: 10    Int: 16    God:
Gold:   919        SH:  0    Dex: 16    Spells: 8/8 levels left

rFire   . .          .
                       - Unarmed
rCold   . . .        (shield currently unavailable)
rNeg    . . .        (helmet currently unavailable)
rPois   +            y - amulet of guardian spirit
rElec   .            r - +6 ring of intelligence
rCorr   .            t - ring of poison resistance
SInv    .            u - ring of magical power
Will    .....        (no ring)
Stlth   +            (no ring)
HPRegen 0.30/turn    (no ring)
MPRegen 0.16/turn    (no ring)
                     (no ring)

%: guardian spirit
@: snake-form, corroded
A: constrict, almost no armour, amphibious, 8 rings, large, (camouflage 1),
(gelatinous body 1), (nimble swimmer 1), (tentacles)
a: Begin Untransformation


You were on level 6 of the Dungeon.
You were an enormous anaconda.
You visited 1 branch of the dungeon, and saw 6 of its levels.

You collected 919 gold pieces.

Inventory:

Jewellery
 r - a +6 ring of intelligence (left tentacle)
 t - a ring of poison resistance (right tentacle)
 u - a ring of magical power (on tentacle)
 y - an amulet of guardian spirit (around neck)
Talismans
 m - a serpent talisman (active)
Scrolls
 b - a scroll of identify
 e - a scroll of amnesia
 g - a scroll of teleportation
 n - a scroll of enchant weapon
 o - a scroll of fear
 q - a scroll of vulnerability
Potions
 a - 2 potions of lignification
 c - a potion of mutation {unknown}
 d - a potion of haste {unknown}
 f - 2 potions of curing
 i - a potion of ambrosia
 p - a potion of berserk rage {unknown}
 s - 3 potions of resistance
 v - a potion of magic
 w - a potion of cancellation {unknown}


   Skills:
 + Level 5.5 Fighting
 - Level 2.0 Dodging
 + Level 6.3 Unarmed Combat
 * Level 7.4 Shapeshifting


You had 8 spell levels left.
You didn't know any spells.
Your spell library contained the following spells:

 Spells                   Type           Power      Damage    Failure   Level
 Kiss of Death            Conj/Necr      0%         2d5       26%         1
 Slow                     Hex            0%         N/A       26%         1
 Sublimation of Blood     Necr           0%         N/A       36%         2
 Wereblood                Tmut           0%         N/A       36%         2
 Confusing Touch          Hex            0%         N/A       58%         3
 Vampiric Draining        Necr           0%         2d6       58%         3
 Dispel Undead            Necr           0%         3d6       94%         4
 Summon Hydra             Summ           0%         N/A       100%        7


Dungeon Overview and Level Annotations

Branches:
Dungeon (6/15)
 Temple: D:4-7

Altars:
Cheibriados
Uskayaw
Xom

Shops:
D:4 *


Innate Abilities, Weirdness & Mutations

You are an enormous anaconda.
You have a powerful constriction melee attack.
Your armour is entirely melded.
You are incapable of wielding weapons or throwing items.
You cannot wear most types of armour.
You are amphibious.
You can wear up to eight rings at the same time.
((Your skin changes colour to match your surroundings (Stealth+).))
((Your rubbery body absorbs attacks. (AC +1, EV +1)))
((You are camouflaged when in or above water. (Stealth+)))
((You have tentacles for arms and can constrict up to eight enemies at once.))


Message History

You lash the ufetubus!
You kill the ufetubus!
Your attacks no longer feel as feeble.
Something hits you.
You hit the jelly. The acid corrodes you!
Your tentacles burn!
The jelly is moderately wounded.
Something hits you.
You lash the jelly!
You kill the jelly!
Something hits you!
The centaur shoots an arrow.
The arrow hits you!
You feel yourself slow down. The arrow freezes you.
The centaur unwields a +2 shortbow of freezing.
The centaur hits you.
The centaur kicks you but does no damage.
Something hits you but does no damage.
The white imp laughs crazily.
The centaur hits you but does no damage.
The centaur kicks you but does no damage.
The orc priest invokes the aid of Beogh against you.
Beogh smites you!
* * * LOW HITPOINT WARNING * * *
You lash the centaur! Your grab misses the centaur.
The centaur is almost dead.
You feel yourself speed up. Something hits you.
* * * LOW HITPOINT WARNING * * *
The centaur closely misses you.
The centaur kicks you but does no damage.
Something hits you but does no damage.
The centaur hits you but does no damage.
The centaur kicks you but does no damage.
You feel better. Something hits you!
* * * LOW HITPOINT WARNING * * *
The centaur hits you.
* * * LOW HITPOINT WARNING * * *
The centaur kicks you but does no damage.
Something hits you!
* * * LOW HITPOINT WARNING * * *
The centaur hits you.
You die...

.#......##.......#...####.......#
.#......###(....##...# ######..#
'#...#### ##...###...# #...###..#
.)#### ######## #...##.....##..#
..# ......####...#.......#).. ..#
#......##...'...c...#.## ..#
#.....##...#....5..#.# ..#
#......#o5.##.5$..##.# ..#
#...Sc5g.# #...###.# ..#
##################.## ### ..
#.................... ..#....
#.###....########.### .......
###............# #.# .......
...............# #.# ....###
.............# #.# ....#
.............# ..# ......
##.##.........# .##


You could see a centaur, a gnoll bouda, an orc priest and 2 white imps.

Vanquished Creatures
  A two-headed ogre (D:6)
  2 water moccasins (D:4)
  2 ice beasts
  An ogre (D:5)
  A scorpion (D:5)
  A howler monkey (D:5)
  3 hounds
  3 jellies
  An orc priest (D:3)
  A sleepcap (D:5)
  An iguana (D:5)
  4 orc wizards
  7 adders
  4 gnolls (D:4)
  A shadow imp (D:6)
  An ufetubus (D:6)
  A worm (D:2)
  23 orcs
  2 bats (D:2)
  11 endoplasms
  2 giant cockroaches
  2 hobgoblins
  6 jackals
  6 kobolds
  2 quokkas
  4 ball pythons
  4 frilled lizards
  8 goblins
  5 rats
110 creatures vanquished.

Vanquished Creatures (collateral kills)
  An orc (D:6)
1 creature vanquished.

Grand Total: 111 creatures vanquished

Notes
Turn   | Place    | Note
-------+----------+-------------------------------------------
     0 | D:1      | Gelion the Octopode Shapeshifter began the quest for the
                  | Orb.
     0 | D:1      | Reached XP level 1. HP: 13/13 MP: 1/1
   137 | D:1      | Reached XP level 2. HP: 13/18 MP: 2/2
   650 | D:1      | Reached XP level 3. HP: 23/23 MP: 3/3
  1180 | D:2      | Reached XP level 4. HP: 21/29 MP: 4/4
  1558 | D:3      | Reached skill level 4 in Shapeshifting
  1829 | D:3      | Reached XP level 5. HP: 34/34 MP: 5/5
  2008 | D:3      | Found a hide-covered altar of Uskayaw.
  2177 | D:3      | Noticed a shining eye
  2179 | D:3      | Found a faded altar of an unknown god.
  2181 | D:3      | Noticed a shining eye
  2181 | D:3      | Noticed a shining eye
  2181 | D:3      | Noticed a shining eye
  2570 | D:4      | Found Hetaicw's Serpentskin Sales.
  2570 | D:4      | Noticed a water moccasin
  2570 | D:4      | Noticed a water moccasin
  2751 | D:4      | Killed a water moccasin
  2752 | D:4      | Reached XP level 6. HP: 42/42 MP: 6/6
  2763 | D:4      | Killed a water moccasin
  2764 | D:4      | Reached skill level 5 in Shapeshifting
  3171 | D:5      | Entered Level 5 of the Dungeon
  3182 | D:5      | Reached XP level 7. HP: 28/46 MP: 7/7
  3449 | D:5      | Found a snail-covered altar of Cheibriados.
  3556 | D:5      | Reached skill level 5 in Unarmed Combat
  3987 | D:5      | Reached skill level 6 in Shapeshifting
  3987 | D:5      | Reached XP level 8. HP: 45/54 MP: 8/8
  4096 | D:5      | Identified a scroll of acquirement
  4096 | D:5      | Acquired 604 gold pieces
  4231 | D:6      | Found a shimmering altar of Xom.
  4610 | D:6      | Noticed a two-headed ogre
  4622 | D:6      | Killed a two-headed ogre
  4623 | D:6      | Reached skill level 5 in Fighting
  4623 | D:6      | Reached skill level 7 in Shapeshifting
  4623 | D:6      | Reached XP level 9. HP: 60/61 MP: 9/9
  4724 | D:6      | HP: 1/61 [something (9)]
  4724 | D:6      | Slain by a centaur

Illustrated notes

Levels and vault maps discovered:
D:1:      mushboom_english_gardens, layout_basic
D:2:      layout_basic, minmay_diced_spiral
D:3:      layout_basic, nicolae_uskayaw_dance_hall,
          hellmonk_ecumenical_altar_watching_god
D:4:      layout_loops_ring, guppyfry_shop_venom
D:5:      wander_river, layout_loops_ring, mainiacjoe_overflow_chevrons,
          due_unseen_surprise
D:6:      minmay_opposing_rooms, layout_basic, xom_butterflies

Skill      XL: |  1  2  3  4  5  6  7  8 |
---------------+-------------------------+-----
Fighting       | 2 3 4 5 |  5.5
Shapeshifting  | 4 5 6 7 |  7.4
Unarmed Combat | 4 5 6 |  6.3
Dodging        | |  2.0

Action                     |  1- 3 |  4- 6 |  7- 9 || total
---------------------------+-------+-------+-------++-------
  Melee: Unarmed           |    59 |   101 |    85 ||   245
         Constrict         |     7 |    25 |    16 ||    48
         Tentacles         |     4 |    16 |     8 ||    28
         Punch             |     1 |       |       ||     1
    Use: Potion            |       |     1 |     1 ||     2
         Scroll            |       |       |    16 ||    16
   Stab: Sleeping          |     5 |     4 |     1 ||    10
         Distracted        |       |       |     1 ||     1
 Armour: Skin              |     1 |    26 |    32 ||    59
  Dodge: Dodged            |    32 |    68 |    33 ||   133
   Form: Anaconda          |       |       |     1 ||     1

Table legend: (Time is in decaauts)
 A = Elapsed time spent in this place.
 B = Non-inter-level travel time spent in this place.
 C = Inter-level travel time spent in this place.
 D = Time resting spent in this place.
 E = Time spent auto-exploring this place.
 F = Levels seen in this place.
 G = Mean time per level.
                   A        B        C        D        E       F      G
               +--------+--------+--------+--------+--------+-----+--------+
         Total |   4708 |   4603 |    105 |    373 |   3370 |   6 |  784.7 |
       Dungeon |   4708 |   4603 |    105 |    373 |   3370 |   6 |  784.7 |
               +--------+--------+--------+--------+--------+-----+--------+

Top non-repeatable levels by time:
     D:5: 941 daAuts
     D:2: 907 daAuts
     D:4: 864 daAuts
     D:3: 732 daAuts
     D:1: 717 daAuts
     D:6: 545 daAuts
